 Dungeon Crawl Stone Soup version 0.30.0-18-gc0e69614cb (webtiles) character file.

Game seed: 2922194834470731273

1282 Strat the Magician (level 8, -4/58 HPs)
             Began as a Djinni Fire Elementalist on May 25, 2023.
             Slain by an ice beast (15 damage)
             ... on level 6 of the Dungeon.
             The game lasted 00:11:45 (4965 turns).

Strat the Magician (Djinni Fire Elementalist)       Turns: 4965, Time: 00:11:46

Health: -4/58      AC:  6    Str:  9    XL:     8   Next: 84%
Gold:   365        EV: 15    Int: 16    God:
                   SH:  0    Dex: 21

rFire   + + .        b - +7 Spriggan's Knife {stab, EV+4 Stlth+}
rCold   x . .        (no shield)
rNeg    . . .        t - +0 ring mail
rPois   ∞            u - +0 helmet
rElec   .            j - scarf {shadows}
rCorr   .            (no gloves)
SInv    .            (boots unavailable)
Will    .....        n - amulet of regeneration
Stlth   +            r - +6 ring of dexterity
HPRegen 1.09/turn    (no ring)
MPRegen 0.00/turn

%: infuse magic (-5 HP)
@: confused, mighty, ambrosia-drunk, flying
A: sickness immunity, fire resistance 2, cold vulnerability 1, float, innate
caster, HP casting, extra vitality 1
a: no special abilities


You were on level 6 of the Dungeon.
You visited 1 branch of the dungeon, and saw 6 of its levels.

You collected 365 gold pieces.

Inventory:

Hand Weapons
 a - a +1 rapier of electrocution
 b - the +7 Spriggan's Knife (weapon) {stab, EV+4 Stlth+}
   (You found it on level 3 of the Dungeon)

   Stab:      It is more effective when stabbing unaware enemies, sometimes
   treating them as though they were completely helpless.
   EV:        It affects your evasion (+4).
   Stlth:     It makes you more stealthy.
 c - a +0 dagger
 v - a +0 long sword
Missiles
 k - 5 atropa-tipped darts
Armour
 g - a +0 robe
 j - a scarf of shadows (worn)
 t - a +0 ring mail (worn)
 u - a +0 helmet (worn)
Jewellery
 n - an amulet of regeneration (around neck)
 r - a +6 ring of dexterity (left hand)
 w - an amulet of the acrobat
Wands
 s - a wand of paralysis (10)
Scrolls
 d - 8 scrolls of identify {unknown}
 h - 2 scrolls of teleportation {unknown}
 m - 2 scrolls of magic mapping {unknown}
 o - a scroll of noise {unknown}
 q - a scroll of amnesia {unknown}
 y - 3 scrolls of poison {unknown}
Potions
 e - a potion of heal wounds {unknown}
 f - a potion of ambrosia
 i - a potion of curing {unknown}
 l - 3 potions of might
 p - a potion of mutation {unknown}
 x - 2 potions of lignification {unknown}
 z - a potion of flight {unknown}


   Skills:
 + Level 4.6 Fighting
 - Level 2.1 Dodging
 - Level 1.5 Stealth
 + Level 7.2 Spellcasting


You knew the following spells:

 Your Spells              Type           Power      Damage    Failure   Level
a - Foxfire               Conj/Fire      100%       2x1d9     1%          1
b - Scorch                Fire           56%        2d7       2%          2
c - Volatile Blastmotes   Fire/Tloc      56%        2d14      5%          3
d - Inner Flame           Hex/Fire       28%        N/A       5%          3
e - Flame Wave            Conj/Fire      28%        2d9       17%         4
f - Freeze                Ice            100%       1d10      1%          1
g - Searing Ray           Conj           56%        2d6       2%          2
h - Portal Projectile     Hex/Tloc       56%        N/A       5%          3
Your spell library was empty.

Dungeon Overview and Level Annotations

Branches:
Dungeon (6/15)
 Temple: D:4-7

Altars:
Ashenzari
Cheibriados
Nemelex Xobeh
Zin

Annotations:
D:1 1 runed translucent door
D:4 1 runed translucent door, superbruh's ghost, amateur MiFi


Innate Abilities, Weirdness & Mutations

You are immune to sickness and miasma.
You are immune to poison.
Your flesh is very heat resistant. (rF++)
You are vulnerable to cold. (rC-)
You float through the air rather than walking.
You learn spells naturally, not from books.
Your magical power is your life essence.
You have superior vitality. (+4 MHP)


Message History

You hit the gnoll.
You kill the gnoll!
You see here a +0 club.
A howler monkey comes into view.
The ice beast hits you. The ice beast freezes you!
You feel a terrible chill!
You closely miss the ice beast. The ice beast hits you.
The ice beast freezes you!
You feel a terrible chill!
* * * LOW HITPOINT WARNING * * *
Casting: Scorch (safe; 2% risk of failure)
Confirm with . or Enter, or press ? or * to list all spells.
Flames lash the ice beast.
The ice beast melts!
The ice beast is moderately wounded.
The ice beast's fire resistance burns away.
The howler monkey howls!
* * * LOW HITPOINT WARNING * * *
The ice beast hits you but does no damage.
Casting: Scorch (safe; 2% risk of failure)
Confirm with . or Enter, or press ? or * to list all spells.
Flames lash the ice beast.
The ice beast is moderately wounded.
* * * LOW HITPOINT WARNING * * *
The howler monkey hoots and howls with incredible vigour!
The ice beast hits you.
* * * LOW HITPOINT WARNING * * *
The ice beast freezes you!
You feel a terrible chill!
* * * LOW HITPOINT WARNING * * *
You hear a shout! x2
Okay, then.
It was a potion of ambrosia.
You are confused.
You feel invigorated. The ice beast hits you.
* * * LOW HITPOINT WARNING * * *
The ice beast freezes you!
You feel a terrible chill!
* * * LOW HITPOINT WARNING * * *
It was a potion of might.
You feel very mighty all of a sudden. The ice beast hits you.
* * * LOW HITPOINT WARNING * * *
The ice beast freezes you!
You feel a terrible chill!
You die...

#.............#
#............##
..............#
..............###
.##.)...)..#....##
.###.......##....# #
.###.............# .###
.#.......##.<#...#.....
.....#.......#..@......
...####....#....Yh....#
...##....###..#.......#
##............#.......#
##..#.......<.........#
..........#..)........#
#.....#.#.#............
#.....#####.....(...
##....# ##........


You could see an ice beast (combustible) and a howler monkey.

Vanquished Creatures
  Edmund (D:4)
  A water moccasin (D:6)
  2 ice beasts
  A centaur (D:5)
  An ogre (D:5)
  A gnoll sergeant (D:6)
  A scorpion (D:6)
  A jelly (D:5)
  2 hounds
  2 orc priests
  A gnoll bouda (D:4)
  An iguana (D:4)
  3 orc wizards
  9 gnolls
  12 adders
  6 worms
  3 dart slugs
  21 orcs
  5 bats
  6 endoplasms
  2 giant cockroaches
  7 goblins
  4 hobgoblins
  3 jackals (D:5)
  3 quokkas (D:2)
  5 ball pythons
  7 frilled lizards
  9 kobolds
  5 rats
125 creatures vanquished.

Vanquished Creatures (others)
  53 foxfires
53 creatures vanquished.

Grand Total: 178 creatures vanquished

Notes
Turn   | Place    | Note
-------+----------+-------------------------------------------
     0 | D:1      | Strat the Djinni Fire Elementalist began the quest for the
                  | Orb.
     0 | D:1      | Strat set off with the following spells memorised: Foxfire,
                  | Scorch, Volatile Blastmotes, Inner Flame, Flame Wave.
     0 | D:1      | Reached XP level 1. HP: 15/15 MP: 0/0
     1 | D:1      | Found a runed translucent door.
     8 | D:1      | Noticed a jelly
   245 | D:1      | Reached XP level 2. HP: 20/22 MP: 0/0
   416 | D:1      | Reached skill level 1 in Fighting
   619 | D:1      | Reached XP level 3. HP: 24/27 MP: 0/0
   619 | D:1      | Learned a level 1 spell: Freeze
   629 | D:1      | Noticed a floating eye
   631 | D:1      | Found a faded altar of an unknown god.
   633 | D:1      | Noticed an eye of devastation
   633 | D:1      | Noticed a great orb of eyes
   633 | D:1      | Noticed a great orb of eyes
   635 | D:1      | Reached skill level 3 in Spellcasting
   857 | D:2      | Reached XP level 4. HP: 26/33 MP: 0/0
  1977 | D:3      | Found the +7 Spriggan's Knife {stab, EV+4 Stlth+}
  1996 | D:3      | Reached XP level 5. HP: 33/38 MP: 0/0
  1996 | D:3      | Learned a level 2 spell: Searing Ray
  2032 | D:3      | Found a snail-covered altar of Cheibriados.
  2246 | D:3      | Reached skill level 4 in Spellcasting
  2781 | D:3      | Found a glowing silver altar of Zin.
  2984 | D:3      | Reached XP level 6. HP: 41/43 MP: 0/0
  3315 | D:4      | Reached skill level 5 in Spellcasting
  3595 | D:4      | Reached XP level 7. HP: 36/49 MP: 0/0
  3595 | D:4      | Learned a level 3 spell: Portal Projectile
  3812 | D:4      | Found a broken altar of Ashenzari.
  3830 | D:4      | Noticed Edmund
  3851 | D:4      | Killed Edmund
  3928 | D:4      | Found a runed translucent door.
  4086 | D:4      | Noticed superbruh's ghost (amateur MiFi)
  4119 | D:5      | Entered Level 5 of the Dungeon
  4390 | D:5      | Reached skill level 6 in Spellcasting
  4459 | D:5      | Reached XP level 8. HP: 49/58 MP: 0/0
  4712 | D:5      | Found a sparkling altar of Nemelex Xobeh.
  4890 | D:6      | Reached skill level 7 in Spellcasting
  4965 | D:6      | Slain by an ice beast

Illustrated notes

Levels and vault maps discovered:
D:1:      dpeg_arrival_caged_fury, layout_loops_ring,
          hellmonk_ecumenical_altar_watching_god
D:2:      layout_loops_corners, hex_tiny
D:3:      layout_basic, kennysheep_slug_shrine, zin_academy, item_on_display_a
D:4:      layout_loops_ring, ashenzari_conservatory_becter,
          ebering_ghost_reflecting_pool, uniq_edmund
D:5:      layout_gridville, nemelex_dance_club_becter, minivault_24
D:6:      layout_cave_pools

Skill      XL: |  1  2  3  4  5  6  7  8 |
---------------+-------------------------+-----
Fighting       | 1 2 3 4 |  4.6
Spellcasting   | 3 4 5 6 7 |  7.2
Dodging        | |  2.1
Stealth        | |  1.5

Action                     |  1- 3 |  4- 6 |  7- 9 || total
---------------------------+-------+-------+-------++-------
  Melee: Unarmed           |     4 |       |       ||     4
         Dagger            |     4 |       |       ||     4
         Rapier            |    23 |    30 |     6 ||    59
         Knife             |       |    45 |    16 ||    61
   Cast: Foxfire           |    20 |     2 |    11 ||    33
         Scorch            |     7 |    60 |    70 ||   137
         Volatile Blastmot |       |       |     2 ||     2
    Use: Potion            |       |       |     2 ||     2
   Stab: Sleeping          |     1 |     4 |     1 ||     6
 Armour: Robe              |    11 |    15 |       ||    26
         Ring mail         |       |     1 |    11 ||    12
  Dodge: Dodged            |    33 |    88 |    25 ||   146
